Map: 2000 Atmospheres LE

Players

A.I. 1 (Medium)

  • Race: Zerg Zerg

GreatOz

  • Race: Terran Terran
  • League: Diamond

VOD

Have the link to the VOD?

Description

Time

  • Played on: Nov. 24, 2021, 12:32 p.m.
  • Length: 12:48
Show
View Real Time Build Order
Export as new Build Order

A.I. 1 (Medium) Zerg 

Build Orders: Hatch First 

Get SALT Encoding   

  12  0:03  Overlord  
    0:09  Drone x12  
    0:21  Unknown  
    0:23  Drone  
  13  0:32  Drone  
  14  0:44  Overlord  
  14  1:03  Drone x3  
  17  1:14  Drone  
  18  1:31  Hatchery  
  17  1:47  Spawning Pool  
  17  1:48  Drone  
  17  1:52  Drone  
  18  1:56  Extractor  
  18  1:58  Drone  
  18  2:07  Overlord  
  18  2:34  Zergling x2  
  18  2:36  Zergling x2, Queen  
  22  2:42  Roach Warren  
  21  3:11  Hatchery  
  20  3:44  Hatchery  
  19  3:50  Roach  
  21  4:06  Roach  
  23  4:16  Drone  
  24  4:22  Drone  
  25  4:28  Drone  
  26  4:34  Drone  
  27  4:40  Drone  
  27  4:44  Drone  
  29  4:49  Drone  
  30  4:54  Drone  
  31  5:01  Roach  
  33  5:17  Roach  
  35  5:33  Extractor  
  35  5:34  Roach  
  36  5:36  Drone, Overlord  
  37  5:50  Roach  
  27  6:07  Roach  
  22  6:12  Queen  
  20  6:23  Roach  
  19  6:30  Zergling x2  
  19  6:32  Drone  
  18  6:43  Drone  
  14  6:47  Drone, Zergling x2  
  14  6:53  Drone  
  14  7:02  Drone  
  14  7:10  Drone  
  14  7:13  Drone  
  14  7:28  Drone  
  11  8:06  Spawning Pool  
  9  8:43  Hatchery  
  8  9:00  Zergling x2  
  9  9:19  Drone  
  10  10:07  Drone, Queen  
  13  10:49  Hatchery  
  12  10:54  Drone  
  13  11:00  Drone  
  14  11:21  Roach Warren  
  13  11:36  Drone  
  12  11:58  Drone  
  11  12:03  Roach  
  11  12:04  Drone  
  12  12:11  Drone  
Show
View Real Time Build Order
Export as new Build Order

GreatOz Terran 

Build Orders: Mech 

Get SALT Encoding   

  12  0:00  Orbital Command  
    0:09  SCV x12  
    0:22  SCV  
  13  0:34  SCV  
  14  0:39  Supply Depot  
  14  0:46  SCV  
  15  1:01  SCV  
  15  1:02  Barracks  
  16  1:06  Refinery  
  16  1:13  SCV  
  17  1:25  SCV  
  18  1:37  SCV  
  19  1:50  Barracks Reactor  
  19  1:51  Orbital Command  
  19  2:01  Command Center  
  19  2:12  Supply Depot  
  19  2:16  SCV  
  20  2:26  Marine x2  
  20  2:28  SCV  
  23  2:35  Factory  
  23  2:40  SCV  
  24  2:44  Marine  
  24  2:45  Marine  
  26  2:52  SCV  
  27  3:02  Marine x2  
  27  3:05  SCV  
  30  3:09  Refinery, Bunker  
  30  3:15  Orbital Command  
  30  3:17  SCV  
  31  3:20  Factory Tech Lab  
  31  3:27  Starport  
  31  3:29  SCV  
  32  3:38  Marine x2  
  32  3:41  SCV  
  35  3:43  SCV  
  35  3:46  Supply Depot  
  36  3:52  Siege Tank  
  36  3:54  SCV  
  40  3:56  SCV  
  40  4:00  Marine x2  
  43  4:06  SCV  
  43  4:08  Medivac  
  43  4:09  SCV  
  47  4:12  Supply Depot  
  47  4:18  Marine x2, SCV  
  47  4:21  SCV  
  51  4:28  Siege Tank  
  54  4:34  SCV x2  
  54  4:37  Supply Depot  
  56  4:40  Supply Depot  
  56  4:41  Marine x2  
  58  4:45  Refinery  
  58  4:46  SCV x2  
  58  4:47  Refinery, Medivac  
  62  4:59  SCV x2  
  64  5:08  Command Center  
  64  5:11  SCV x2  
  66  5:19  Starport Reactor  
  66  5:23  SCV x2  
  68  5:30  Supply Depot x2  
  68  5:35  SCV x2  
  70  5:36  Armory, Factory x2  
  70  5:47  SCV x2  
  72  5:53  Supply Depot  
  72  5:55  Supply Depot  
  72  5:58  Liberator  
  72  5:59  SCV x2  
  72  6:01  Liberator  
  77  6:06  Supply Depot  
  77  6:11  SCV x2  
  79  6:19  Factory Tech Lab  
  79  6:20  Factory Tech Lab  
  79  6:23  SCV  
  79  6:24  Armory, SCV  
  81  6:31  Refinery, Command Center  
  81  6:36  Refinery, SCV x2  
  81  6:42  Orbital Command  
  81  6:48  SCV x2  
  83  6:59  Siege Tank  
  83  7:00  Thor, SCV x2  
  93  7:07  Thor  
  100  7:08  SCV  
  100  7:12  Supply Depot, SCV x2  
  102  7:20  SCV  
  98  7:24  SCV  
  98  7:27  Factory  
  99  7:30  SCV  
  99  7:32  Terran Vehicle Weapons Level 1, SCV  
  99  7:33  Terran Vehicle And Ship Armor Level 1  
  99  7:36  Supply Depot  
  101  7:40  Siege Tank  
  104  7:48  SCV, Command Center  
  105  7:53  Thor  
  105  7:58  SCV x2  
  113  8:00  SCV  
  114  8:08  Engineering Bay  
  114  8:10  SCV  
  114  8:11  Thor  
  121  8:13  Hellbat x2  
  121  8:15  Infernal Pre-Igniter  
  121  8:17  Smart Servos  
  125  8:21  Supply Depot  
  125  8:23  SCV x3  
  128  8:31  Refinery  
  128  8:33  Refinery  
  128  8:37  Hellbat  
  128  8:38  Hellbat  
  132  8:42  Thor  
  132  8:43  Thor  
  144  8:48  Supply Depot  
  144  8:50  Supply Depot  
  144  8:53  Planetary Fortress  
  144  8:55  SCV x2  
  146  8:56  SCV  
  147  9:06  Factory  
  147  9:07  SCV  
  147  9:09  Factory  
  148  9:13  Fusion Core  
  148  9:18  Thor  
  148  9:22  Hellbat x2  
  158  9:27  Terran Vehicle Weapons Level 2  
  158  9:29  Terran Vehicle And Ship Armor Level 2  
  158  9:36  Factory  
  158  9:42  Thor  
  158  9:44  Hellbat x2  
  168  9:50  Refinery  
  168  9:52  Refinery  
  168  9:55  Factory  
  168  9:57  Factory Tech Lab  
  168  9:59  Starport Tech Lab  
  168  10:01  Factory  
  168  10:04  Hellbat x2  
  168  10:05  Thor  
  178  10:18  Planetary Fortress  
  178  10:22  Thor  
  184  10:29  Command Center  
  184  10:32  Hellbat x3  
  184  10:33  Hellbat  
  184  10:35  Battlecruiser  
  198  10:40  Factory Tech Lab  
  198  10:45  Factory Tech Lab  
  198  10:51  Hellbat  
  200  11:07  Starport x2  
  200  11:16  Starport  
  200  11:17  Starport  
  200  11:19  Starport, Armory  
  200  11:21  Factory Tech Lab  
  200  11:27  Hi-Sec Auto Tracking, Starport  
  200  11:43  Command Center  
  197  11:54  Starport Tech Lab x3  
  197  11:55  Starport Tech Lab  
  197  11:57  Starport Tech Lab  
  197  11:59  Supply Depot  
  197  12:12  Supply Depot  
  197  12:16  Starport Tech Lab  
  197  12:48  Refinery  
Tags
 
Composition
Mech
League
Diamond
Matchup
TvZ
Add a new tag
Caveats
  • Supply blocks, unpowered buildings, or Contaminate may cause inaccurate times.
  • Supply counts are checked every 10 seconds.